Map: Rhoskallian LE

Players

Massa - Winner!

  • Race: Terran Terran
  • League: Platinum
  • Spawn Location: 11:00

qqq - Winner!

  • Race: Zerg Zerg
  • Spawn Location: 12:00

Savassu

  • Race: Zerg Zerg
  • Spawn Location: 6:00

MataramaSugo

  • Race: Terran Terran
  • Spawn Location: 5:00

VOD

Have the link to the VOD?

Description

Time

  • Played on: Oct. 9, 2020, 2:32 p.m.
  • Length: 17:42
Show
View Real Time Build Order
Export as new Build Order

Massa Terran - Winner!

Build Orders: Mech 

Get SALT Encoding   

  12  0:03  SCV  
  13  0:15  SCV  
  14  0:25  Supply Depot  
  14  0:27  SCV  
  15  0:36  Refinery  
  15  0:47  SCV  
  15  0:48  Barracks  
  16  0:59  SCV  
  17  1:11  SCV  
  18  1:23  SCV  
  19  1:35  Reaper  
  19  1:39  Orbital Command  
  20  1:51  Bunker  
  20  1:56  Barracks  
  20  1:59  Barracks  
  20  2:01  Barracks  
  20  2:07  Marine  
  21  2:40  Marine  
  22  2:47  Command Center  
  22  2:50  Marine  
  23  2:57  Supply Depot  
  23  3:09  Supply Depot  
  23  3:13  Barracks Tech Lab, Supply Depot  
  23  3:15  Barracks Reactor  
  23  3:19  SCV, Marine x2  
  26  3:31  SCV  
  27  3:37  Marine x2  
  29  3:46  Marauder  
  31  3:52  SCV  
  31  3:54  Marine x2  
  34  3:56  Stimpack  
  34  4:01  Supply Depot  
  34  4:07  Marauder, Supply Depot  
  36  4:10  Marine  
  36  4:11  Marine  
  36  4:14  Marine  
  40  4:28  Marine  
  40  4:29  Marauder, Marine  
  43  4:32  Marine  
  43  4:36  Barracks Tech Lab  
  44  4:43  Engineering Bay  
  44  4:44  Orbital Command  
  45  4:45  SCV  
  45  4:49  Marine  
  45  4:52  Barracks Tech Lab  
  46  4:56  Combat Shield  
  46  4:58  Marauder, Marine  
  49  5:02  SCV  
  50  5:14  SCV  
  51  5:16  Concussive Shells  
  51  5:18  Marauder x2  
  51  5:19  Marine  
  51  5:20  Marine  
  57  5:25  Marauder  
  59  5:37  Marine  
  59  5:38  Marine  
  59  5:42  Marauder, Marine  
  64  5:46  Marine  
  65  5:51  SCV x2  
  65  5:55  Marine  
  68  6:03  SCV  
  69  6:14  Marauder x3, Marine x2  
  77  6:25  Factory  
  77  6:32  Refinery, Marine  
  78  6:34  Refinery  
  78  6:39  Supply Depot  
  78  6:40  Supply Depot  
  78  6:42  Refinery, Supply Depot  
  78  7:00  Marine x2  
  82  7:01  Marauder  
  82  7:18  Factory Tech Lab  
  82  7:23  SCV, Factory  
  82  7:24  SCV, Factory  
  84  7:36  SCV x2  
  78  7:48  SCV x2  
  80  7:51  Siege Tank  
  80  7:58  Supply Depot  
  83  7:59  Supply Depot  
  83  8:00  SCV x2  
  83  8:03  Command Center  
  85  8:10  Factory Tech Lab, Factory Reactor  
  85  8:12  SCV  
  86  8:16  SCV  
  87  8:22  Supply Depot  
  87  8:24  SCV  
  87  8:25  Supply Depot  
  86  8:28  SCV  
  73  8:36  SCV  
  73  8:40  SCV  
  74  8:44  Siege Tank x2  
  80  8:52  Hellion x2  
  84  9:13  Hellion x2  
  84  9:16  Siege Tank  
  91  9:35  Hellion x2  
  79  10:01  Missile Turret  
  79  10:02  Missile Turret  
  79  10:04  Missile Turret  
  79  10:05  Missile Turret  
  79  10:06  Missile Turret x2  
  79  10:07  Missile Turret x2  
  77  10:08  Missile Turret  
  74  10:30  Siege Tank  
  74  10:31  Siege Tank  
  74  10:33  Widow Mine x2  
  84  10:54  Widow Mine x2  
  84  11:03  Siege Tank x2  
  74  11:15  Widow Mine  
  65  11:22  Orbital Command  
  60  11:26  Missile Turret  
  60  11:27  Missile Turret  
  60  11:28  Missile Turret x2  
  60  11:29  Marauder x3  
  60  11:30  Marine, Missile Turret  
  67  11:35  Siege Tank  
  65  11:49  SCV  
  65  11:50  SCV, Marauder  
  69  12:01  SCV  
  69  12:02  SCV  
  71  12:14  SCV  
  70  12:17  SCV  
  66  12:26  SCV  
  66  12:27  Missile Turret  
  66  12:29  SCV, Marine, Missile Turret  
  68  12:30  Marine x4  
  68  12:31  Missile Turret  
  72  12:38  SCV  
  72  12:41  SCV  
  72  12:42  Missile Turret  
  72  12:43  Missile Turret  
  74  12:47  Marine  
  74  12:48  Marine x4  
  74  12:50  SCV  
  80  12:53  SCV  
  81  13:02  SCV  
  82  13:05  SCV  
  82  13:07  Refinery  
  83  13:21  Command Center  
  83  13:32  Refinery  
  83  13:43  Marine x2  
  83  13:44  Marauder, Marine x2  
  83  13:45  SCV x2  
  91  13:57  SCV x2  
  91  14:01  Marine x2  
  91  14:02  Marauder x2  
  99  14:09  SCV x2  
  100  14:21  SCV  
  89  14:25  Marauder x3, Marine x2  
  95  14:43  Marine x2  
  97  14:46  Marauder x3  
  103  14:59  Missile Turret  
  100  15:00  Missile Turret  
  100  15:01  Marine  
  100  15:03  Missile Turret  
  100  15:07  Marine  
  100  15:08  Marauder x3  
  100  15:13  Terran Infantry Weapons Level 1  
  105  15:19  Marine  
  104  15:25  Marine  
  100  15:29  Marauder x3  
  103  15:37  Marine  
  104  15:43  Marine  
  95  15:50  Marine  
  91  16:00  Marauder x2, Marine x2  
  91  16:02  Siege Tank x2  
  107  16:04  Widow Mine x2  
  107  16:08  Marauder  
  109  16:21  Marauder  
  109  16:22  Marauder  
  109  16:25  Widow Mine x2, SCV x2  
  119  16:26  Armory  
  119  16:27  Engineering Bay  
  119  16:28  Orbital Command  
  119  16:34  Siege Tank x2  
  119  16:37  SCV x2  
  127  16:47  Widow Mine x2  
  131  16:48  Missile Turret  
  131  16:49  SCV x2  
  133  17:01  SCV  
  133  17:06  Widow Mine  
  133  17:08  Missile Turret  
  136  17:16  Command Center  
Show
View Real Time Build Order
Export as new Build Order

qqq Zerg - Winner!

Build Orders: Hatch First 

Get SALT Encoding   

  12  0:01  Drone  
  13  0:12  Drone  
  14  0:36  Hatchery  
  13  0:52  Spawning Pool  
  13  0:55  Drone  
  13  1:03  Overlord  
  13  1:09  Drone  
  14  1:23  Extractor, Drone  
  14  1:24  Drone  
  15  1:29  Drone  
  16  1:39  Drone  
  17  1:52  Zergling x4  
  19  1:59  Spine Crawler  
  18  2:06  Zergling x2  
  19  2:11  Spine Crawler  
  19  2:14  Spine Crawler  
  17  2:22  Zergling x2  
  17  2:35  Zergling x2  
  17  2:45  Drone x2  
  17  2:50  Drone  
  20  2:57  Drone  
  20  3:15  Drone x2, Zergling x6  
  20  3:17  Drone  
  26  3:32  Zergling x2  
  27  3:37  Overlord, Baneling Nest  
  27  3:39  Drone  
  27  3:44  Metabolic Boost  
  27  3:54  Queen  
  29  3:57  Overlord  
  29  4:08  Zergling x2  
  31  4:17  Drone x2, Zergling x2  
  31  4:23  Zergling x4  
  35  4:35  Zergling x2  
  35  4:37  Zergling x2  
  37  4:42  Zergling x2  
  38  4:47  Zergling x2  
  39  4:56  Drone, Queen  
  39  4:57  Zergling x2  
  43  5:06  Baneling  
  43  5:07  Baneling x3  
  43  5:10  Hatchery  
  43  5:11  Zergling x2  
  43  5:12  Overlord x2  
  43  5:33  Roach Warren  
  42  5:54  Zergling x10  
  42  5:55  Drone x3  
  50  6:19  Roach x3  
  50  6:23  Drone x2  
  58  6:25  Extractor  
  58  6:27  Lair  
  58  6:30  Drone  
  58  6:31  Queen  
  60  6:36  Drone x4  
  60  6:39  Overlord x2  
  63  7:14  Roach x4  
  71  7:17  Drone x2  
  71  7:18  Drone x5  
  71  7:19  Drone x2  
  80  7:30  Roach  
  80  7:33  Overlord x3  
  82  8:00  Roach x5  
  82  8:03  Drone x5  
  82  8:04  Drone x2  
  99  8:14  Extractor  
  99  8:17  Drone, Extractor  
  99  8:19  Drone  
  99  8:22  Drone  
  100  8:43  Roach x3  
  100  8:45  Overlord x4  
  100  8:46  Overlord x4  
  106  8:50  Glial Reconstitution  
  103  9:11  Hatchery  
  95  9:20  Hatchery  
  95  9:21  Roach x2  
  95  9:22  Roach x7  
  95  9:23  Drone  
  95  9:24  Drone, Roach x2  
  103  9:49  Spore Crawler  
  103  9:51  Hydralisk Den  
  103  9:52  Spore Crawler x4  
  86  9:53  Spore Crawler  
  86  9:55  Spore Crawler  
  86  9:57  Spore Crawler  
  72  10:00  Spore Crawler  
  72  10:02  Roach x2  
  72  10:03  Roach x5  
  72  10:04  Drone x3  
  88  10:10  Roach  
  90  10:15  Roach  
  90  10:19  Overseer  
  90  10:21  Pneumatized Carapace  
  92  10:28  Roach x2  
  96  10:38  Roach x2  
  96  10:40  Ravager  
  96  10:42  Drone x6  
  107  10:45  Zergling x2  
  87  11:15  Hydralisk x6  
  87  11:18  Drone x7  
  103  11:19  Drone x2  
  98  11:39  Spore Crawler  
  81  11:40  Spore Crawler  
  81  11:41  Drone, Spore Crawler  
  81  11:42  Drone x4  
  81  11:43  Drone  
  85  11:52  Infestation Pit  
  85  11:54  Muscular Augments  
  84  11:56  Extractor x2, Drone x3  
  85  12:05  Spore Crawler  
  85  12:06  Spore Crawler  
  85  12:07  Spore Crawler  
  85  12:08  Drone x2  
  83  12:09  Drone  
  83  12:10  Spore Crawler  
  84  12:16  Hatchery  
  84  12:19  Evolution Chamber  
  82  12:23  Hatchery, Hydralisk x2  
  82  12:24  Hydralisk x3  
  90  12:43  Hydralisk x3  
  85  12:53  Hydralisk x2  
  85  12:54  Drone x2, Hydralisk x3  
  85  12:56  Drone x6  
  103  12:59  Spore Crawler  
  103  13:01  Spore Crawler  
  103  13:05  Grooved Spines  
  101  13:06  Drone x2  
  101  13:08  Drone x2, Hydralisk  
  107  13:16  Hive  
  107  13:20  Hydralisk  
  107  13:21  Hydralisk  
  107  13:22  Drone  
  107  13:23  Drone  
  113  13:38  Hydralisk x3  
  113  13:40  Drone x6  
  113  13:41  Drone x3  
  128  13:47  Drone, Hydralisk x2  
  119  14:36  Hydralisk x3  
  119  14:37  Hydralisk x3  
  129  14:46  Drone x2  
  129  14:47  Drone x3, Hydralisk x4  
  136  15:02  Hydralisk x4  
  136  15:04  Drone x4  
  148  15:09  Viper  
  148  15:10  Viper  
  148  15:12  Viper  
  153  15:28  Hydralisk x3  
  151  15:29  Hydralisk x2  
  151  15:35  Hydralisk x2  
  159  15:38  Drone x3  
  166  15:44  Spine Crawler  
  164  15:57  Hydralisk x4  
  152  15:58  Hydralisk x2  
  162  16:04  Spine Crawler  
  162  16:05  Drone x3  
  164  16:13  Drone x2  
  166  16:22  Hatchery  
  165  16:32  Hydralisk  
  164  16:35  Overlord x5  
  164  16:36  Overlord x3  
  166  16:45  Hatchery  
  165  16:48  Hatchery  
  165  16:50  Hatchery  
  165  16:51  Hatchery  
  162  16:54  Hatchery  
  161  17:04  Viper x3  
  161  17:06  Hydralisk  
  161  17:08  Drone x3  
  175  17:10  Extractor  
  175  17:11  Extractor  
  175  17:13  Extractor  
  175  17:14  Extractor  
  171  17:16  Overseer  
Show
View Real Time Build Order
Export as new Build Order

Savassu Zerg 

Build Orders: Pool First 

Get SALT Encoding   

  12  0:19  Spawning Pool  
  11  0:25  Extractor  
  10  0:32  Drone x2  
  12  0:44  Overlord  
  12  1:06  Zergling x6  
  15  1:21  Zergling x2  
  16  1:29  Zergling x2  
  17  1:33  Metabolic Boost  
  17  1:55  Spine Crawler  
  17  1:57  Zergling x4  
  18  2:02  Zergling x2  
  19  2:12  Zergling x2  
  19  2:26  Zergling x2  
  18  2:40  Zergling x2  
  19  2:52  Zergling x2  
  20  2:59  Spine Crawler, Queen  
  21  3:08  Zergling x2  
  22  3:23  Overlord  
  21  3:50  Zergling x2  
  21  3:51  Zergling x4  
  24  4:23  Zergling x4  
  26  4:25  Zergling x2  
  26  4:26  Hatchery  
  26  4:38  Drone x2  
  28  4:52  Zergling x2  
  29  4:56  Overlord  
  29  5:08  Drone  
  29  5:14  Drone x2  
  32  5:41  Zergling x2  
  32  5:42  Zergling x6  
  36  5:51  Zergling x2  
  36  5:56  Lair  
  37  5:57  Drone  
  37  6:20  Zergling x6  
  37  6:21  Zergling x2  
  41  6:30  Extractor  
  40  6:35  Zergling x4  
  40  6:36  Zergling x4  
  44  7:13  Spire  
  44  7:14  Spore Crawler  
  42  7:17  Overlord x2  
  42  7:39  Drone x5  
  42  7:40  Drone  
  48  7:48  Drone x2  
  50  7:56  Drone  
  51  8:01  Drone  
  52  8:15  Overlord x2  
  52  8:17  Overlord  
  52  8:39  Baneling Nest  
  51  8:59  Zerg Flyer Weapons Level 1  
  51  9:00  Mutalisk x2  
  47  9:23  Zergling x2  
  39  9:24  Zergling x16  
  35  9:37  Zergling x2  
  33  9:46  Mutalisk  
  28  10:04  Zergling x2  
  27  10:12  Mutalisk  
  29  10:19  Hatchery  
  28  10:28  Mutalisk  
  28  10:31  Zergling x6  
  28  10:32  Zergling x2  
  33  11:05  Mutalisk x2  
  34  11:15  Mutalisk  
  25  11:54  Drone x3  
  25  11:56  Drone x3  
  31  12:39  Mutalisk  
  33  12:54  Drone x2  
  33  12:56  Hatchery  
  34  13:17  Mutalisk  
  36  13:45  Hatchery  
  35  13:53  Zergling x6  
  38  14:02  Zergling x2  
  36  14:26  Zergling x6  
  36  14:27  Zergling x2  
  38  14:35  Zergling x4  
  38  14:53  Zergling x6  
  38  15:05  Zergling x4  
  33  15:24  Drone x2  
  35  15:30  Drone  
  36  15:47  Drone, Spine Crawler  
  35  15:51  Drone  
  36  15:59  Drone  
  37  16:08  Drone  
  38  16:29  Drone x2  
  40  16:34  Spine Crawler  
  40  16:39  Spine Crawler  
  37  16:59  Zergling x12  
  37  17:00  Zergling x2  
  36  17:07  Zergling x2  
Show
View Real Time Build Order
Export as new Build Order

MataramaSugo Terran 

Build Orders: 2 Factory, Hellion Opening 

Get SALT Encoding   

  12  0:01  SCV  
  13  0:13  SCV  
  14  0:19  Supply Depot  
  14  0:25  SCV  
  15  0:42  Barracks  
  15  0:47  Refinery, SCV  
  16  1:06  SCV  
  16  1:10  Supply Depot  
  17  1:16  Refinery  
  17  1:18  SCV  
  18  1:29  Marine  
  18  1:31  SCV  
  20  1:33  Supply Depot  
  20  1:47  Factory  
  20  1:55  Barracks Reactor  
  20  1:57  SCV  
  21  2:13  Factory  
  21  2:17  SCV  
  22  2:29  Orbital Command  
  22  2:43  Hellion  
  22  2:44  Hellion  
  26  2:57  SCV  
  27  2:58  Factory Tech Lab  
  27  3:10  Hellion  
  27  3:11  Hellion  
  31  3:18  Infernal Pre-Igniter  
  31  3:21  Hellion  
  31  3:23  SCV  
  34  3:29  Supply Depot  
  34  3:32  Hellion  
  36  3:36  Hellion  
  38  3:48  Supply Depot  
  38  3:51  Hellion  
  40  4:11  Command Center  
  40  4:20  Engineering Bay  
  40  4:44  Widow Mine x2  
  46  4:46  Widow Mine  
  46  4:52  Starport  
  46  4:54  Armory  
  46  4:58  Missile Turret  
  46  5:11  Widow Mine  
  48  5:15  Missile Turret  
  47  5:45  Hellion x2  
  47  5:46  Hellion  
  53  5:52  Orbital Command  
  53  6:07  Hellion x2  
  57  6:23  Thor  
  63  6:27  Viking  
  63  6:31  SCV x2  
  67  6:41  Fusion Core  
  67  6:43  SCV x2  
  65  6:55  SCV  
  64  7:10  Thor  
  66  7:52  Starport Tech Lab  
  66  7:58  Starport x2  
  66  7:59  Supply Depot  
  66  8:00  Supply Depot  
  67  8:05  SCV x2  
  67  8:06  Thor  
  67  8:08  Refinery  
  67  8:09  Refinery  
  67  8:10  Supply Depot  
  74  8:17  SCV  
  75  8:21  Battlecruiser  
  75  8:24  Supply Depot x2  
  65  8:36  Starport Tech Lab x2  
  57  8:47  SCV x2  
  59  8:49  Siege Tank  
  59  8:51  Factory Tech Lab  
  62  8:59  SCV, Command Center  
  62  9:00  SCV  
  64  9:11  SCV  
  53  9:18  Siege Tank  
  53  9:21  Siege Tank  
  58  9:38  Battlecruiser  
  42  10:08  Battlecruiser  
  48  10:15  Orbital Command, Smart Servos  
  48  10:41  SCV x2  
  50  10:44  Siege Tank  
  47  11:31  Battlecruiser  
  53  12:04  SCV x2  
  49  12:16  SCV  
  50  12:48  Battlecruiser  
  50  12:49  SCV x2  
  46  13:10  Supply Depot x2  
  46  13:11  Command Center  
  46  13:18  Terran Ship Weapons Level 1  
  52  13:26  SCV  
  52  13:27  SCV  
  54  13:34  Siege Tank  
  57  13:36  Widow Mine  
  57  13:39  Command Center  
  57  13:41  Refinery  
  59  13:42  Refinery  
  58  13:57  Widow Mine  
  58  14:06  Battlecruiser  
  56  14:10  Siege Tank  
  51  14:39  Widow Mine  
  30  14:58  Siege Tank  
  31  15:00  Siege Tank  
  32  15:35  Siege Tank x2  
  38  15:42  Orbital Command  
  38  16:07  Siege Tank  
  41  16:18  Refinery  
  41  16:21  Refinery  
  41  16:34  SCV  
  41  16:35  SCV  
  43  16:53  Siege Tank x2  
  49  16:57  SCV x2  
Tags
 
Add a new tag
Caveats
  • Supply blocks, unpowered buildings, or Contaminate may cause inaccurate times.
  • Supply counts are checked every 10 seconds.